[Event "Live Chess"]
[Site "Chess.com"]
[Date "2024.06.02"]
[Round "-"]
[White "juniortay"]
[Black "Duke_of_Bebington"]
[Result "1-0"]
[WhiteElo "2371"]
[BlackElo "1637"]
[TimeControl "300"]
[EndTime "2:39:03 PDT"]
[Termination "juniortay won by resignation"]

1. e4 e5 2. Nc3 Nc6 3. Bc4 Nf6 4. d3 Bc5 5. f3 O-O 6. f4 exf4 7. Bxf4 d6 8. Nf3 Na5 9. Bb3 Nxb3 10. axb3 Bg4 11. Qd2 Nh5 12. O-O-O Bxf3 13. gxf3 Nxf4 14. Qxf4 Qf6 15. Qxf6 gxf6 16. d4 Bb4 17. Nd5 Ba5 18.
Nxf6+ Kh8 19. Rhg1 c6 20. Rg4 Bd8 21. Nh5 f5 22. Rg2 fxe4 23. fxe4 Bf6 24. Nxf6 Rxf6 25. c3 Re8 26. Re2 Rf4 27. Rde1 Rf7 28. Kd2 Rfe7 29. e5 dxe5 30. Rxe5 Kg7 31. Rxe7+ 1-0

[Event "Live Chess"]
[Site "Chess.com"]
[Date "2024.06.02"]
[Round "-"]
[White "Crowded_House"]
[Black "WorcesterYork"]
[Result "0-1"]
[WhiteElo "1673"]
[BlackElo "2485"]
[TimeControl "300"]
[EndTime "2:39:19 PDT"]
[Termination "WorcesterYork won by resignation"]

1. d4 c5 2. c3 e6 3. Nf3 Nf6 4. e3 b6 5. Bd3 Bb7 6. Nbd2 g5 7.
O-O g4 8. Ne5 h5 9. Qc2 d6 10.
Nec4 Nbd7 11. Ne4 Nxe4 12. Bxe4 Bxe4 13. Nxd6+ Bxd6 14. Qxe4 Nf6 15. Qc6+ Ke7 16. dxc5 bxc5 17. Qb7+ Qc7 18. Qb3 Rab8 19. Qc2 Bxh2+ 20. Kh1 h4 21. Rd1 Be5 22. b3 Qc6 23. Bb2 h3 24. f3 gxf3 25. Kg1 hxg2 26. Kf2 Ng4+ 0-1

[Event "Live Chess"]
[Site "Chess.com"]
[Date "2024.06.02"]
[Round "-"]
[White "raimundklein"]
[Black "slava_ukr"]
[Result "0-1"]
[WhiteElo "1570"]
[BlackElo "2419"]
[TimeControl "300"]
[EndTime "2:39:23 PDT"]
[Termination "slava_ukr won by resignation"]

1. e4 d5 2. exd5 Qxd5 3. Nc3 Qd6 4. d4 c6 5. h3 Nf6 6. Nf3 Bf5 7. Be2 e6 8. O-O Nbd7 9. Re1 Be7 10. Bg5 O-O 11.
Bf1 Rad8 12. Qe2 h6 13. Bh4 a5 14. Rad1 Rfe8 15. Ne5 Qb4 16. g4 Bh7 17. Nxd7 Rxd7 0-1

[Event "Live Chess"]
[Site "Chess.com"]
[Date "2024.06.02"]
[Round "-"]
[White "NeilDruggan73"]
[Black "Frankie_Badacsonyi"]
[Result "0-1"]
[WhiteElo "1695"]
[BlackElo "2408"]
[TimeControl "300"]
[EndTime "2:39:34 PDT"]
[Termination "Frankie_Badacsonyi won on time"]

1. d4 d5 2. Bg5 h6 3. Bh4 c6 4.
Nd2 Bf5 5. Ngf3 Nf6 6. Bxf6 exf6 7. e3 Bd6 8. Nb3 Nd7 9. Rc1 O-O 10. Bd3 Bxd3 11.
Qxd3 g6 12. O-O f5 13. c4 Nf6 14. c5 Bc7 15. Nbd2 Ne4 16. Ne1 g5 17. f3 Nxd2 18. Qxd2 Qe7 19. Nc2 f4 20. Rce1 fxe3 21. Nxe3 Bf4 22. Nf5 Qf6 23. Ne7+ Kh8 24. Qd3 Rfe8 25. Nf5 h5 26. g3 Bc7 27. g4 h4 28.
Rxe8+ Rxe8 29. Kg2 Bf4 30. Rf2 Qe6 31. h3 b6 32. b4 b5 33. a3 a6 34. Kf1 Qe1+ 35.
Kg2 f6 36. Nd6 Bxd6 37. cxd6 Qe6 38. Qg6 Qd7 39. Qxf6+ Qg7 0-1

[Event "Live Chess"]
[Site "Chess.com"]
[Date "2024.06.02"]
[Round "-"]
[White "wadsy27"]
[Black "friarnator"]
[Result "1-0"]
[WhiteElo "2570"]
[BlackElo "2189"]
[TimeControl "300"]
[EndTime "2:39:45 PDT"]
[Termination "wadsy27 won by resignation"]

1. d4 Nf6 2. Nf3 g6 3. Bf4 Bg7 4. e3 O-O 5. h3 d6 6. Be2 Nbd7 7. O-O c5 8. c3 Ne4 9. Nfd2 Ndf6 10. Nxe4 Nxe4 11. Nd2 Nxd2 12. Qxd2 e5 13. dxe5 dxe5 14. Qxd8 Rxd8 15. Bg5 Rd2 16. Rfd1 Rxd1+ 17. Rxd1 Be6 18. Be7 Bf8 19. Bxf8 Kxf8 20. Bf3 Rb8 21. a3 Ke7 22. g4 b6 23. Kg2 f5 24. Kg3 Bc4 25. Kh4 e4 26. Bg2 Kf6 27. Rd7 g5+ 28. Kg3 h6 29. gxf5 Kxf5 30. Rxa7 Rd8 31. Re7 Rd2 32. Bxe4+ Kf6 33.
Rh7 Rxb2 34. Rxh6+ Ke5 35. Bh7 Be2 36. Rg6 Bd3 37.
Rxg5+ Kf6 38. Rh5 Bxh7 39. Rxh7 Rb3 40. h4 Rxc3 41. Rh6+ Kf5 42. Rxb6 Rxa3 43. Rc6 Ra5 44. h5 Kg5 45. h6 Ra7 46. f4+ Kh5 47. Kf3 Re7 48.
e4 1-0

[Event "Live Chess"]
[Site "Chess.com"]
[Date "2024.06.02"]
[Round "-"]
[White "TheSmoulderingMaster"]
[Black "Pandreq"]
[Result "1-0"]
[WhiteElo "1784"]
[BlackElo "1209"]
[TimeControl "300"]
[EndTime "2:39:48 PDT"]
[Termination "TheSmoulderingMaster won by resignation"]

1. e4 Nf6 2. e5 Nd5 3. d4 d6 4. c4 Nb6 5. f4 Nc6 6. Nf3 Bf5 7. Na3 dxe5 8. fxe5 Be4 9. Bd3 Bxf3 10. Qxf3 e6 11. Be3 Bb4+ 12. Kf2 Bxa3 13. bxa3 O-O 14.
Rhd1 f6 15. Qh5 g6 16. Bxg6 Qe7 17. Bh6 hxg6 18. Qxg6+ Kh8 19. Rd3 Rg8 20. Qh5 Rgd8 21. Rh3 Qh7 22. Bg7+ 1-0

[Event "Live Chess"]
[Site "Chess.com"]
[Date "2024.06.02"]
[Round "-"]
[White "LL220284LL"]
[Black "grillage"]
[Result "1-0"]
[WhiteElo "2507"]
[BlackElo "1864"]
[TimeControl "300"]
[EndTime "2:40:03 PDT"]
[Termination "LL220284LL won by resignation"]

1. e4 d5 2. exd5 Qxd5 3. Nc3 Qd8 4. Nge2 Nf6 5. g3 Nc6 6. Bg2 e5 7. O-O Bc5 8. b3 O-O 9. Bb2 Re8 10. d3 Nd4 11. Nxd4 Bxd4 12. Qc1 c6 13. Ne4 Nxe4 14.
Bxe4 Be6 15. Re1 Bxb2 16. Qxb2 f6 17. Rad1 Bd5 18. Qc3 Qd7 19. a4 Rac8 20. Qa1 Qh3 21. Qc1 Rcd8 22. Qe3 Re7 23. Qxa7 Red7 24. Qe3 Qg4 25.
b4 Bxe4 26. Qxe4 Qxe4 27. Rxe4 Rd4 28. Rxd4 Rxd4 29. Rb1 Kf7 30. Kf1 Ke6 31. Ke2 Kd5 32.
Ke3 Ke6 33. c4 Kd7 34. b5 Kc7 35. a5 Kb8 36. bxc6 1-0

[Event "Live Chess"]
[Site "Chess.com"]
[Date "2024.06.02"]
[Round "-"]
[White "GoldsmanB"]
[Black "vincents82"]
[Result "0-1"]
[WhiteElo "1102"]
[BlackElo "1985"]
[TimeControl "300"]
[EndTime "2:40:24 PDT"]
[Termination "vincents82 won by resignation"]

1. d4 d5 2. Bf4 Nf6 3. e3 c5 4.
Nf3 Nc6 5. c3 Qb6 6. Qb3 c4 7. Qc2 Bf5 8. Qd2 Ne4 9. Qe2 e6 10.
Nbd2 Qxb2 11. Nxe4 Qxa1+ 12. Qd1 Qxd1+ 13. Kxd1 Bxe4 0-1

[Event "Live Chess"]
[Site "Chess.com"]
[Date "2024.06.02"]
[Round "-"]
[White "CarmelJane"]
[Black "ACM42"]
[Result "1-0"]
[WhiteElo "2058"]
[BlackElo "2150"]
[TimeControl "300"]
[EndTime "2:40:25 PDT"]
[Termination "CarmelJane won on time"]

1. d4 Nf6 2. Nc3 g6 3. e4 Bg7 4. Bf4 d6 5. Qd2 Nbd7 6. O-O-O e5 7. dxe5 dxe5 8. Bh6 O-O 9. h4 c6 10. h5 Nxh5 11. g4 Nf4 12. Bxg7 Kxg7 13. Nh3 Qc7 14. Nxf4 exf4 15. f3 Nf6 16. Qh2 h5 17. gxh5 Nxh5 18. Qd2 Be6 19. Qd4+ f6 20. Bh3 Rfd8 21. Qg1 Rxd1+ 22.
Qxd1 Rd8 23. Qg1 Bxh3 24. Rxh3 Qe5 25. Qxa7 Qd4 26. Qxd4 Rxd4 27. Ne2 Rd7 28. Rh1 Kh6 29. Rd1 Rxd1+ 30. Kxd1 Kg5 31. b4 Ng7 32. Nd4 Kh4 33.
Ke2 Ne8 34. a4 Nd6 35. a5 g5 36. a6 bxa6 37. Nxc6 g4 38. Nd4 Kg3 39. fxg4 Nxe4 40.
c4 Kxg4 41. c5 Nc3+ 42. Kf1 Nd5 43. c6 f3 44. Ne6 Kg3 45. c7 Ne3+ 46. Ke1 f2+ 47.
Kd2 f1=Q 48. c8=Q Qf2+ 49. Kd3 Ng4 50. Qg8 Qf5+ 51. Kc4 Qb5+ 52. Kb3 f5 53. Nd4 Qd3+ 54. Ka4 Qxd4 55. Qb3+ Qe3 56. Qc2 f4 57. Qf5 f3 58.
Qc8 f2 59. Qb8+ Kg2 60. Qb7+ Qf3 61. Qg7 f1=Q 62. Ka5 1-0

[Event "Live Chess"]
[Site "Chess.com"]
[Date "2024.06.02"]
[Round "-"]
[White "StoreySniper"]
[Black "McFim"]
[Result "1-0"]
[WhiteElo "2521"]
[BlackElo "1697"]
[TimeControl "300"]
[EndTime "2:40:31 PDT"]
[Termination "StoreySniper won by resignation"]

1. e4 c6 2. b3 d5 3. Bb2 dxe4 4. Nc3 Nf6 5. Qe2 Bf5 6. h3 h5 7. g3 Nbd7 8. Bg2 e6 9. Nxe4 Nxe4 10.
Bxe4 Bxe4 11. Qxe4 Nf6 12. Qf3 Qd5 13. Bxf6 gxf6 14. Qxd5 cxd5 15. Nf3 Bg7 16. O-O-O O-O-O 17. c3 Kb8 18. Kc2 Rc8 19. d3 Rc7 20. c4 b5 21.
Nd2 bxc4 22. bxc4 dxc4 23. Nxc4 Rd8 24. Rb1+ Kc8 25. Rb3 Rd5 26. Rhb1 Kd7 27. Rb5 Rxb5 28. Rxb5 f5 29. Rb8 Bd4 30. f3 Bf2 31. Rg8 h4 32. g4 fxg4 33. Rxg4 Ke7 34. a4 a5 35. Rg5 Rc5 36. Rxc5 Bxc5 37. Nxa5 Bd4 38. Nc6+ 1-0

[Event "Live Chess"]
[Site "Chess.com"]
[Date "2024.06.02"]
[Round "-"]
[White "A3ndrey9"]
[Black "Brooms1989"]
[Result "0-1"]
[WhiteElo "1279"]
[BlackElo "1187"]
[TimeControl "300"]
[EndTime "2:40:45 PDT"]
[Termination "Brooms1989 won by resignation"]

1. Nf3 Nf6 2. d4 g6 3. c4 Bg7 4. Nc3 O-O 5. Bf4 d6 6. g3 Nh5 7. Bd2 e5 8. dxe5 dxe5 9. Bg2 Nc6 10. O-O f5 11. Bg5 Bf6 12. Qxd8 Rxd8 13. Bxf6 Nxf6 14. Rad1 Be6 15. b3 a6 16. Ng5 Bf7 17. Rxd8+ Rxd8 18. Bxc6 bxc6 19. Nxf7 Kxf7 20. Rd1 Rxd1+ 21.
Nxd1 Ke6 22. Nc3 e4 23. h3 Ke5 24. e3 Nd7 25. b4 c5 26. a3 cxb4 27. axb4 Nb6 28.
b5 axb5 29. cxb5 Kd6 30. g4 Kc5 31. gxf5 gxf5 32. Kg2 Nc4 33. Kg3 Na3 34. Kf4 Nxb5 35. Nxb5 Kxb5 36. Kxf5 c5 37. Kxe4 Kb4 38. Kd3 Kb3 39. e4 c4+ 40. Kd2 Kb2 41. e5 c3+ 42. Kd3 c2 43. e6 c1=Q 44. e7 Qe1 0-1

[Event "Live Chess"]
[Site "Chess.com"]
[Date "2024.06.02"]
[Round "-"]
[White "uselessduffer"]
[Black "crais6"]
[Result "1-0"]
[WhiteElo "2389"]
[BlackElo "1605"]
[TimeControl "300"]
[EndTime "2:40:51 PDT"]
[Termination "uselessduffer won by resignation"]

1. e4 e5 2. Nf3 Nc6 3. Bb5 a6 4. Ba4 Nf6 5. O-O Be7 6. Re1 b5 7. Bb3 O-O 8. d3 d5 9. exd5 Nxd5 10. Nxe5 Nxe5 11. Rxe5 c6 12. Nd2 Bd6 13. Re1 Qh4 14. Nf3 Qh5 15. Re4 Bg4 16. h3 Bxf3 17. Qxf3 Qxf3 18. gxf3 Rae8 19. Bd2 f5 20. Rxe8 Rxe8 21. c4 bxc4 22. dxc4 Re2 23. Be1 Nf4 24. c5+ Kf8 25.
cxd6 Nxh3+ 26. Kf1 Rxb2 27. d7 Ke7 28. Rd1 Kd8 29.
Ba5+ 1-0

[Event "Live Chess"]
[Site "Chess.com"]
[Date "2024.06.02"]
[Round "-"]
[White "ZatixMajor"]
[Black "AlanBstard10"]
[Result "1-0"]
[WhiteElo "2027"]
[BlackElo "1233"]
[TimeControl "300"]
[EndTime "2:40:59 PDT"]
[Termination "ZatixMajor won by resignation"]

1. c4 e5 2. g3 d6 3. Bg2 Nf6 4. Nc3 g6 5. Nf3 Bg7 6. d4 exd4 7. Nxd4 O-O 8. O-O c5 9. Ndb5 Qd7 10. Nxd6 Rd8 11.
Nxc8 Qxd1 12. Rxd1 Rxc8 13. Bxb7 Nbd7 14. Bxa8 Rxa8 15. Bg5 Ne5 16. Bxf6 Bxf6 17. Ne4 Kg7 18. Rac1 Re8 19. Nxc5 Nc6 20. Rd2 Nb4 21. a3 Nc6 22. Nd7 Bg5 23. f4 Bf6 24. Nxf6 Kxf6 25. Rd5 Rxe2 26.
Rd6+ Kf5 27. Rxc6 Rxb2 28. Rc7 Rb3 29. Rxa7 1-0

[Event "Live Chess"]
[Site "Chess.com"]
[Date "2024.06.02"]
[Round "-"]
[White "Queensandpawns"]
[Black "Tatarinov_Maxim"]
[Result "0-1"]
[WhiteElo "2274"]
[BlackElo "2298"]
[TimeControl "300"]
[EndTime "2:41:18 PDT"]
[Termination "Tatarinov_Maxim won by resignation"]

1. e4 c5 2. Nf3 Nc6 3. d4 cxd4 4. c3 dxc3 5. Bc4 e6 6. O-O d6 7. Nxc3 Nf6 8. Re1 Be7 9. Bg5 O-O 10. Qd2 a6 11.
Rad1 Ne5 12. Nxe5 dxe5 13. Qe3 Qc7 14. Bb3 Ng4 15. Qc1 Bxg5 16. Qxg5 Nf6 17. f4 h6 18. Qh4 exf4 19. e5 Nh7 20. Ne4 Qxe5 21. Bc2 Qc7 22. Bb1 Ng5 23. Kh1 Nxe4 24. Bxe4 Bd7 25. Rc1 Bc6 26. Bb1 Rad8 27. Rc5 Rd2 28. Rg5 f3 29. Qg3 fxg2+ 30. Kg1 Qxg3 31. Rxg3 Rxb2 0-1

[Event "Live Chess"]
[Site "Chess.com"]
[Date "2024.06.02"]
[Round "-"]
[White "dmitro74"]
[Black "elis06"]
[Result "0-1"]
[WhiteElo "1729"]
[BlackElo "2193"]
[TimeControl "300"]
[EndTime "2:41:24 PDT"]
[Termination "elis06 won on time"]

1. d4 d5 2. c4 e6 3. Nc3 Nf6 4. Bg5 Be7 5. Nf3 Nbd7 6. e3 c6 7. Bd3 O-O 8. O-O a6 9. Rc1 h6 10. Bf4 dxc4 11. Bxc4 b5 12. Bd3 c5 13. b3 Bb7 14. Bb1 Rc8 15. Ne5 cxd4 16. exd4 Ba3 17.
Rc2 Bb4 18. Qd3 Bxc3 19. Rxc3 Rxc3 20. Qxc3 Nd5 21. Qd3 N7f6 22. Bg3 Nb4 23. Qe3 Qd5 24. f3 Rd8 25. Rd1 Nc6 26. Nxc6 Bxc6 27. Be5 Ne8 28. Be4 Qd7 29. Bc2 Bd5 30. Qd3 f5 31. g4 g6 32.
Qe3 Kh7 33. Kf2 Qf7 34. gxf5 exf5 35. Rh1 Rc8 36. Qd2 Nf6 37. Rg1 Nd7 38. Bf4 g5 39.
Bxg5 Rg8 40. Bxh6 Rxg1 41. Kxg1 Qg6+ 42. Kf2 Qxh6 43. Bxf5+ Kg7 44. Qxh6+ Kxh6 45. Bxd7 Kg5 46. Kg3 b4 47. h4+ Kf6 48. Bc8 a5 49. h5 Kg5 50. Bg4 Kh6 51. f4 Be4 52. Kh4 Bb1 0-1

[Event "Live Chess"]
[Site "Chess.com"]
[Date "2024.06.02"]
[Round "-"]
[White "TigerTank70"]
[Black "PaulHumphreys"]
[Result "1-0"]
[WhiteElo "2234"]
[BlackElo "1409"]
[TimeControl "300"]
[EndTime "2:41:29 PDT"]
[Termination "TigerTank70 won on time"]

1. e4 e6 2. d4 d5 3. e5 c5 4.
c3 Nc6 5. Nf3 Bd7 6. Be2 Nge7 7.
O-O Nf5 8. Be3 Rc8 9. dxc5 Nxe3 10. fxe3 Bxc5 11. Nd4 O-O 12. b4 Be7 13. Nd2 Nxe5 14.
N2f3 Nxf3+ 15. Rxf3 Rxc3 16. Qd2 Bxb4 17. a3 Ba5 18.
Raf1 Rxa3 19. Qb2 Rc3 20. Qxb7 Qc7 21. Qb1 Rxe3 22. Rxe3 Bb6 23. Rh3 Bxd4+ 24. Kh1 g6 25. Qd3 Bg7 26. Rhf3 Bc6 27. Rc1 e5 28. Qc2 e4 29. Rb3 Rc8 30. Bb5 e3 31. Rxe3 Bd4 32. Rd3 Be5 33. Bxc6 Bxh2 34. Rh3 1-0

[Event "Live Chess"]
[Site "Chess.com"]
[Date "2024.06.02"]
[Round "-"]
[White "ameetghasi100"]
[Black "MagnersCarlsberg2870"]
[Result "1-0"]
[WhiteElo "2793"]
[BlackElo "1808"]
[TimeControl "300"]
[EndTime "2:41:30 PDT"]
[Termination "ameetghasi100 won by resignation"]

1. g3 h5 2. Bg2 h4 3. g4 d6 4.
h3 c6 5. d4 g6 6. c4 Bg7 7. g5 e5 8. dxe5 Bxe5 9. Nc3 Qa5 10. Nf3 Bxc3+ 11. bxc3 Qxc3+ 12. Bd2 Qxc4 13. O-O Bf5 14. e4 Be6 15. Bf4 Qxe4 16. Bxd6 Nd7 17.
Re1 Qc4 18. Nd4 O-O-O 19. Rc1 Qxa2 20. Nxc6 bxc6 21. Rxc6+ Kb7 22. Rc7+ Ka6 1-0

[Event "Live Chess"]
[Site "Chess.com"]
[Date "2024.06.02"]
[Round "-"]
[White "Trendle"]
[Black "KeithArkell"]
[Result "1-0"]
[WhiteElo "2635"]
[BlackElo "2411"]
[TimeControl "300"]
[EndTime "2:41:33 PDT"]
[Termination "Trendle won by resignation"]

1. d4 c5 2. d5 e5 3. Nc3 d6 4.
e4 Be7 5. g3 a6 6. a4 Nd7 7. Nf3 Ngf6 8. Bg2 O-O 9. O-O Rb8 10.
a5 b5 11. axb6 Nxb6 12. Qe2 Re8 13. h3 g6 14. Na4 Nxa4 15. Rxa4 Bd7 16. Ra3 a5 17. b3 a4 18. bxa4 Rb4 19. c4 Rxa4 20. Rxa4 Bxa4 21. Bg5 Nd7 22. Bd2 Nf6 23. Ra1 Bd7 24.
Bc3 Qb6 25. Nd2 Nh5 26. Kh2 Ng7 27. f4 f6 28. Qd3 Qb7 29. Qc2 Ra8 30. Rb1 Qc8 31. Qb3 exf4 32. gxf4 Nh5 33. Rf1 Qa6 34. Ra1 Qc8 35. Rf1 Qa6 36. e5 fxe5 37. fxe5 dxe5 38. Ra1 Qxa1 39. Bxa1 Rxa1 40. Qb8+ Bf8 41. Ne4 Bf5 42.
Qxe5 Ra2 43. Kg1 Bg7 44. Qe8+ Bf8 45. d6 Nf4 46. Nf2 Ne2+ 47. Kh2 Kg7 48. Qe5+ Kf7 49.
Bd5+ 1-0

[Event "Live Chess"]
[Site "Chess.com"]
[Date "2024.06.02"]
[Round "-"]
[White "AndyJWise"]
[Black "Ferrarifan27"]
[Result "0-1"]
[WhiteElo "1035"]
[BlackElo "2139"]
[TimeControl "300"]
[EndTime "2:41:35 PDT"]
[Termination "Ferrarifan27 won by resignation"]

1. d4 Nf6 2. c4 e6 3. Nf3 Bb4+ 4. Bd2 Qe7 5. Qc2 Bxd2+ 6. Nbxd2 b6 7. e4 d6 8. Be2 Bb7 9. O-O e5 10. d5 O-O 11. b4 Nbd7 12. Rfb1 a5 13. c5 bxc5 14.
bxc5 Nxc5 15. Bb5 Rfb8 16. Bc6 Bxc6 17. Rxb8+ Rxb8 18. dxc6 Qe8 19. Rb1 Rxb1+ 20. Qxb1 Qxc6 21. Qb8+ Ne8 22. g3 Kf8 23. Ng5 h6 24. Ngf3 Nxe4 25.
Nxe4 Qxe4 26. Kg2 g5 0-1

[Event "Live Chess"]
[Site "Chess.com"]
[Date "2024.06.02"]
[Round "-"]
[White "defenderalist"]
[Black "missedJariChance"]
[Result "0-1"]
[WhiteElo "1525"]
[BlackElo "1359"]
[TimeControl "300"]
[EndTime "2:42:07 PDT"]
[Termination "missedJariChance won by resignation"]

1. e4 c5 2. Nf3 e6 3. d4 cxd4 4. Nxd4 Nc6 5. Nc3 a6 6. a3 Qc7 7. Bd3 Nxd4 8. O-O Nc6 9. f4 Be7 10. f5 Nf6 11. Bf4 e5 12. Bg5 O-O 13. Bxf6 Bxf6 14.
Nd5 Qd8 15. g4 h6 16. Qf3 Nd4 17. Qg3 d6 18. c3 Nc6 19. h4 Bxh4 20. Qh3 Bg5 21. f6 gxf6 22. Rf2 Kg7 23. Raf1 Be6 24. Nxf6 Bxf6 25. Rxf6 Rh8 26. Qh5 Qe7 27. Kg2 Raf8 28.
g5 Kg8 29. gxh6 Rh7 30. R1f3 Kh8 31. Kf2 Rg8 32. Bf1 Bg4 33. Rxf7 Bxh5 34. Rxe7 Rxe7 35. Rf6 Rf7 0-1

[Event "Live Chess"]
[Site "Chess.com"]
[Date "2024.06.02"]
[Round "-"]
[White "ACM42"]
[Black "GoldsmanB"]
[Result "1-0"]
[WhiteElo "2150"]
[BlackElo "1102"]
[TimeControl "300"]
[EndTime "2:42:11 PDT"]
[Termination "ACM42 won by resignation"]

1. e4 e6 2. d4 d5 3. Nc3 Bb4 4. e5 c5 5. a3 Bxc3+ 6. bxc3 Ne7 7. Qg4 O-O 8. Bd3 Nbc6 9. Bh6 Ng6 10. Bg5 Qe8 11. h4 cxd4 12. cxd4 Nh8 13. h5 h6 14. Bxh6 1-0

[Event "Live Chess"]
[Site "Chess.com"]
[Date "2024.06.02"]
[Round "-"]
[White "Ninifu"]
[Black "GwaryTek"]
[Result "1-0"]
[WhiteElo "2015"]
[BlackElo "1887"]
[TimeControl "300"]
[EndTime "2:42:14 PDT"]
[Termination "Ninifu won on time"]

1. d4 Nf6 2. c4 d6 3. Nc3 Nbd7 4. e4 e5 5. Nf3 Be7 6. Be2 c6 7. O-O O-O 8. h3 a6 9. Be3 b5 10. c5 exd4 11. cxd6 dxe3 12. dxe7 exf2+ 13. Rxf2 Qxe7 14. Qc2 Ne5 15. Rd1 Bb7 16. Nxe5 Qxe5 17. Rf5 Qe7 18. Rdf1 b4 19. e5 bxc3 20. exf6 Qe3+ 21.
Kh1 c5 22. Bf3 Bxf3 23. R1xf3 Qd2 24. Qxc3 Qxc3 25. Rxc3 gxf6 26. Rxf6 Rac8 27. Rf5 c4 28. Rf4 Rfe8 29. Rfxc4 Rxc4 30. Rxc4 Re1+ 31. Kh2 Re2 32. Rb4 a5 33. Rb8+ Kg7 34. Ra8 Rxb2 35. Rxa5 Kf6 36.
a4 Ke6 37. Kg3 Rb3+ 38. Kf4 h6 39. Ra6+ Kd5 40. Rxh6 Rb4+ 41. Kf5 Rxa4 42. h4 Ra2 43. g4 Rf2+ 44. Kg5 Ke5 45. Rh8 f6+ 46. Kg6 Kf4 47.
h5 Rg2 48. Kxf6 Rxg4 49. h6 Rh4 50. h7 Rh1 51. Ke6 Ke4 52. Kd6 Kd4 53. Ke7 Ke5 54. Kf7 Kf5 55. Kg7 Kg5 56. Ra8 1-0

[Event "Live Chess"]
[Site "Chess.com"]
[Date "2024.06.02"]
[Round "-"]
[White "GEMdzq"]
[Black "Delacorta"]
[Result "1-0"]
[WhiteElo "2294"]
[BlackElo "1518"]
[TimeControl "300"]
[EndTime "2:42:22 PDT"]
[Termination "GEMdzq won by resignation"]

1. e4 e6 2. d4 d5 3. Nc3 dxe4 4. Nxe4 Bd7 5. Bg5 Be7 6. Bxe7 Qxe7 7. Nf3 Nf6 8. Nxf6+ Qxf6 9. c3 Bc6 10. Bd3 Bxf3 11.
Qxf3 Qxf3 12. gxf3 g6 13. h4 Nd7 14. h5 Ke7 15.
O-O-O Nf6 16. h6 Nd5 17. Be4 c6 18. Rde1 Nf4 19. Rh4 Nd5 20. c4 Nf6 21. d5 cxd5 22. Bxd5 Nxd5 23. cxd5 Rac8+ 24. Kb1 Rc5 25. dxe6 fxe6 26.
Rhe4 Rc6 27. Rb4 b6 28. a4 Rhc8 29. Re2 Rc4 30. Re4 Rc2 31. a5 Rxf2 32. axb6 axb6 33. Rxb6 Rcc2 34. Rexe6+ Kd7 35. Rf6 Rce2 36. Rf7+ Re7 37.
Rb7+ 1-0

[Event "Live Chess"]
[Site "Chess.com"]
[Date "2024.06.02"]
[Round "-"]
[White "slava_ukr"]
[Black "WorcesterYork"]
[Result "1-0"]
[WhiteElo "2428"]
[BlackElo "2476"]
[TimeControl "300"]
[EndTime "2:42:59 PDT"]
[Termination "slava_ukr won by resignation"]

1. e4 c5 2. Nc3 Nc6 3. f4 e6 4.
Nf3 d5 5. g3 Nf6 6. e5 Ng8 7.
d4 cxd4 8. Nxd4 Nxd4 9. Qxd4 Ne7 10. Bd3 Nc6 11. Qf2 h5 12. Bd2 h4 13. g4 b6 14.
O-O-O Bc5 15. Qg2 Bd7 16. g5 g6 17. Rhe1 a6 18. f5 gxf5 19. g6 Qe7 20. Bg5 h3 21. Qg3 Qf8 22. Bf6 Rg8 23. g7 1-0

[Event "Live Chess"]
[Site "Chess.com"]
[Date "2024.06.02"]
[Round "-"]
[White "friarnator"]
[Black "TheSmoulderingMaster"]
[Result "1-0"]
[WhiteElo "2192"]
[BlackElo "1782"]
[TimeControl "300"]
[EndTime "2:43:11 PDT"]
[Termination "friarnator won by checkmate"]

1. d4 Nf6 2. Nc3 d6 3. Bf4 g6 4. Qd2 Bg7 5. h4 O-O 6. Bh6 Nbd7 7. h5 c5 8. hxg6 fxg6 9. Bxg7 Kxg7 10. Qh6+ Kg8 11. e3 Rf7 12. Bc4 d5 13. Nxd5 e6 14.
Nf4 Nb6 15. Bxe6 Bxe6 16. Nxe6 Qd6 17. Ng5 Rg7 18. O-O-O cxd4 19. Rxd4 Qe5 20. N1f3 Qa5 21.
a3 Rc8 22. Rhd1 Na4 23. Ne6 Qb6 24. Qxg7# 1-0

[Event "Live Chess"]
[Site "Chess.com"]
[Date "2024.06.02"]
[Round "-"]
[White "upoe610"]
[Black "Bradfield133"]
[Result "1-0"]
[WhiteElo "2145"]
[BlackElo "1869"]
[TimeControl "300"]
[EndTime "2:43:12 PDT"]
[Termination "upoe610 won on time"]

1. c4 c5 2. g3 g6 3. Bg2 Bg7 4. Nc3 Nc6 5. Nf3 e5 6. a3 Nge7 7. O-O O-O 8. b4 cxb4 9. axb4 Nxb4 10. Ba3 Nec6 11. Ne4 f5 12. Nd6 e4 13. Ne1 Bxa1 14.
Qxa1 Qf6 15. Qxf6 Rxf6 16. Nb5 a6 17. Nc3 d6 18. d3 exd3 19. Nxd3 Nc2 20. Nd5 Rf7 21.
Bb2 Be6 22. N3f4 Nd8 23. Nf6+ Kf8 24. Nxe6+ Nxe6 25. Bd5 Rxf6 26. Bxf6 Nc5 27. Rc1 Nb4 28. Rb1 Nxd5 29. cxd5 b5 30. Kf1 Rb8 31. Ke1 b4 32. Kd2 a5 33. Ke3 a4 34. Bd4 b3 35. Kd2 a3 36. Rh1 Ne4+ 37. Kc1 b2+ 38. Kc2 Rc8+ 39. Kb1 Nd2+ 40. Ka2 b1=Q+ 41. Rxb1 Nxb1 42. Kxb1 Rb8+ 43. Ka2 Rb5 44. Kxa3 Rxd5 45. e3 Kf7 46. Kb4 Ke6 47. Kc4 Ra5 48. h4 Ra2 49. f3 Rg2 50. Kd3 Rxg3 51.
Ke2 Rh3 52. Kf2 Rxh4 53. Bg7 Ra4 54. Kg3 Ra2 55. Bh8 h5 56. Kh4 d5 57. Bd4 Kf7 58. Kg5 Rg2+ 59. Kh4 Rg1 60. Kh3 1-0

[Event "Live Chess"]
[Site "Chess.com"]
[Date "2024.06.02"]
[Round "-"]
[White "JanMur7"]
[Black "silunn"]
[Result "1/2-1/2"]
[WhiteElo "2278"]
[BlackElo "2135"]
[TimeControl "300"]
[EndTime "2:43:26 PDT"]
[Termination "Game drawn by repetition"]

1. e4 e6 2. d4 d5 3. exd5 exd5 4. Bd3 Bd6 5. Ne2 Ne7 6. O-O Nbc6 7. c3 Bg4 8. f3 Bh5 9. Bf4 O-O 10. Qd2 Qd7 11. Bxd6 Qxd6 12. Qf4 Qxf4 13. Nxf4 Bg6 14. Nxg6 hxg6 15. Na3 a6 16. Rfe1 Nc8 17. Nc2 Nd6 18. Ne3 Ne7 19. Ng4 Rfe8 20. Ne5 Nef5 21. Kf2 Re7 22. Ng4 Rae8 23. g3 c6 24. b4 Nh6 25.
Nxh6+ gxh6 26. a4 Rxe1 27. Rxe1 Rxe1 28. Kxe1 Kg7 29. a5 Kf6 30. Kf2 h5 31. h4 Nb5 32.
Bxb5 axb5 33. g4 g5 34. gxh5 gxh4 35. f4 Kg7 36. Kf3 f5 37. Kg2 Kh6 38. Kh2 Kxh5 39. Kh3 Kg6 40. Kxh4 Kh6 41. Kh3 Kg6 42. Kg3 Kh6 43.
Kh3 Kg6 44. Kg3 Kh6 45. Kh3 1/2-1/2

[Event "Live Chess"]
[Site "Chess.com"]
[Date "2024.06.02"]
[Round "-"]
[White "Zhevzh1k7"]
[Black "JohanKjeldahl"]
[Result "0-1"]
[WhiteElo "1107"]
[BlackElo "1809"]
[TimeControl "300"]
[EndTime "2:43:52 PDT"]
[Termination "JohanKjeldahl won by resignation"]

1. e4 c5 2. Nf3 e6 3. Bc4 a6 4. a3 b5 5. Ba2 Nc6 6. d4 cxd4 7. Nxd4 Bb7 8. Nc3 Nf6 9. O-O Bc5 10. Be3 Bb6 11. Qf3 O-O 12. Nxc6 Bxc6 13. Bxb6 Qxb6 14. Rad1 Rad8 15. Rfe1 d5 16. exd5 Nxd5 17. Nxd5 Bxd5 18. Bxd5 exd5 19. Rxd5 h6 20. Rde5 Rd2 21. R1e2 Qd6 22.
Rxd2 Qxd2 23. Qe2 Qc1+ 24. Qe1 Qxb2 25. Re7 Qxa3 26. Ra7 Rc8 27. h3 Qd6 28. Qe4 b4 29. Re7 a5 30. Re8+ Rxe8 31. Qxe8+ Kh7 32. Qe4+ g6 33. Qb7 Kg7 34. Qb5 Qd1+ 35. Kh2 Qxc2 36.
Qxa5 b3 37. Qa1+ b2 0-1

[Event "Live Chess"]
[Site "Chess.com"]
[Date "2024.06.02"]
[Round "-"]
[White "PaulHumphreys"]
[Black "AndyJWise"]
[Result "1-0"]
[WhiteElo "1411"]
[BlackElo "1033"]
[TimeControl "300"]
[EndTime "2:44:17 PDT"]
[Termination "PaulHumphreys won by resignation"]

1. d4 Nf6 2. Nc3 g6 3. e4 d6 4. f4 Bg7 5. Nf3 Bg4 6. h3 Bxf3 7. Qxf3 Na6 8. a3 e5 9. fxe5 dxe5 10. Bg5 Qxd4 11.
Bxf6 Bxf6 12. Qxf6 O-O 13. Rd1 Qe3+ 14. Be2 Nc5 15. Qf3 Qxf3 16. Bxf3 1-0